 Dungeon Crawl Stone Soup version 0.27.0-1-g7a089689b8 (console) character file.

Game seed: 14942001452125145567

136 Banquo the Covered (level 5, 0/40 HPs)
             Began as a Djinni Wanderer on Aug 9, 2021.
             Slain by Grinder (9 damage)
             ... on level 3 of the Dungeon.
             The game lasted 00:07:32 (3778 turns).

Banquo the Covered (Djinni Wanderer)                Turns: 3778, Time: 00:07:32

Health: 0/40       AC:  9    Str:  9    XL:     5   Next: 43%
Gold:   114        EV:  8    Int: 17    God:
                   SH:  0    Dex: 12

rFire    + + .     SeeInvis .   i - +0 war axe
rCold    x . .     Faith    .   (no shield)
rNeg     . . .     Spirit   .   d - +2 scale mail
rPois    ∞         Reflect  .   (no helmet)
rElec    .         Harm     .   (no cloak)
rCorr    .         Rampage  .   (no gloves)
Will     .....                  (boots unavailable)
Stlth    ..........             (no amulet)
HPRegen  0.13/turn              (no ring)
MPRegen  0.00/turn              (no ring)

@: flying
A: sickness immunity, fire resistance 2, cold vulnerability 1, float, innate
caster, hp casting, extra vitality 1
a: no special abilities


You were on level 3 of the Dungeon.
You visited 1 branch of the dungeon, and saw 3 of its levels.

You collected 114 gold pieces.

Inventory:

Hand Weapons
 a - a +0 dagger
 i - a +0 war axe (weapon)
 p - a +3 short sword
Missiles
 k - 28 stones (quivered)
Armour
 d - a +2 scale mail (worn)
Wands
 q - a wand of polymorph (6)
Scrolls
 c - 2 scrolls of teleportation
 e - 5 scrolls of identify {unknown}
 g - a scroll of fog {unknown}
 l - a scroll of blinking {unknown}
 m - a scroll of noise {unknown}
 n - a scroll of amnesia {unknown}
Potions
 b - a potion of lignification
 f - a potion of attraction {unknown}
 h - a potion of brilliance {unknown}
 j - a potion of heal wounds {unknown}
 o - a potion of curing {unknown}


   Skills:
 * Level 2.8 Fighting
 * Level 1.6(1.8) Axes
 - Level 1.0(1.6) Maces & Flails
 - Level 1.0(1.2) Staves
 - Level 1.0 Throwing
 * Level 4.4 Armour
 - Level 1.1 Dodging
 - Level 1.0 Shields
 * Level 1.0 Spellcasting


You had 3 spell levels left.
You knew the following spells:

 Your Spells              Type           Power      Damage    Failure   Level
a - Sandblast             Erth           8%         2d5       69%         1
i - Call Imp              Summ           4%         N/A       83%         2
Your spell library was empty.

Dungeon Overview and Level Annotations

Branches:
Dungeon (3/15)

Altars:
Gozag

Annotations:
D:3 Grinder


Innate Abilities, Weirdness & Mutations

You are immune to sickness and miasma.
You are immune to poison.
Your flesh is very heat resistant. (rF++)
You are vulnerable to cold. (rC-)
You float through the air rather than walking.
You learn spells naturally, not from books.
Your magical power is your life essence.
You have superior vitality. (+4 HP)


Message History

Grinder is lightly wounded.
Grinder blinks!
Grinder barely misses you.
You closely miss Grinder.
Grinder grins, showing sharp teeth.
Grinder hits you but does no damage. x2
You closely miss Grinder. Grinder gestures at you.
You suddenly lose the ability to move!
Grinder gestures at you.
You shrug off the repeated paralysis!
Grinder hits you but does no damage. Grinder gestures at you.
You shrug off the repeated paralysis!
Grinder hits you but does no damage. Grinder hits you but does no damage.
You can move again.
Unknown command.
You barely miss Grinder.
Grinder says, "Tell me all your secrets, or I'll kill you."
Grinder hits you but does no damage. Grinder barely misses you. x2
You hit Grinder.
Grinder is lightly wounded.
Grinder is no longer moving quickly.
Grinder hits you.
You writhe in agony.
Grinder hits you.
You writhe in agony.
* * * LOW HITPOINT WARNING * * *
Your scale mail prevents you from hitting Grinder.
Grinder is lightly wounded.
Grinder hits you but does no damage.
You closely miss Grinder.
Grinder is lightly wounded.
Grinder hits you but does no damage.
You hit Grinder.
Grinder is lightly wounded.
Grinder closely misses you. Grinder gestures at you.
You resist with significant effort.
You barely miss Grinder.
Grinder is lightly wounded.
Grinder hits you!
You die...

########.##
#.#....._.....###.#
#.........###...#.......###
#.#
#.######.†##...##.8...8.#
#.# #.....#..##.....### #.#
##.######.###...#.###.###.#
#.# ..(..5....# ##.##.##..#
#.####.# ##.########
#.##.##.## #.##...#
#.##.##.####<##.###
#.5@.........##.#
####.##########.# #.# #.#
.. #.# #.# #.# .# #.# .#
#.# .# #.# #.#


You could see Grinder.

Vanquished Creatures
  A hound (D:3)
  A gnoll (D:3)
  3 adders
  2 worms (D:2)
  A dart slug (D:3)
  3 orcs (D:3)
  7 bats
  4 endoplasms
  3 giant cockroaches
  4 goblins (D:1)
  3 hobgoblins
  4 jackals (D:2)
  2 quokkas
  5 ball pythons
  5 frilled lizards
  3 kobolds
  7 rats
58 creatures vanquished.

Vanquished Creatures (others)
  7 plants (D:3)
7 creatures vanquished.

Grand Total: 65 creatures vanquished

Notes
Turn   | Place    | Note
-------+----------+-------------------------------------------
     0 | D:1      | Banquo the Djinni Wanderer began the quest for the Orb.
     0 | D:1      | Reached XP level 1. HP: 18/18 MP: 0/0
   440 | D:1      | Reached XP level 2. HP: 23/23 MP: 0/0
   904 | D:1      | Found a faded altar of an unknown god.
   935 | D:1      | Reached XP level 3. HP: 20/29 MP: 0/0
   935 | D:1      | Learned a level 1 spell: Sandblast
  1588 | D:2      | Reached skill level 4 in Armour
  2210 | D:2      | Reached XP level 4. HP: 27/34 MP: 0/0
  3109 | D:3      | Found an opulent altar of Gozag.
  3404 | D:3      | Reached skill level 1 in Axes
  3466 | D:3      | Reached XP level 5. HP: 28/39 MP: 0/0
  3466 | D:3      | Learned a level 2 spell: Call Imp
  3645 | D:3      | Reached skill level 1 in Spellcasting
  3743 | D:3      | Noticed Grinder
  3769 | D:3      | Paralysed by Grinder for 4 turns
  3778 | D:3      | Slain by Grinder

Illustrated notes

Levels and vault maps discovered:
D:1:      minmay_arrival_up_and_down, layout_basic,
          ebering_ecumenical_altar_webs, hangedman_decor_growths, minivault_26
D:2:      layout_basic, minmay_between
D:3:      layout_loops_ring, grunt_gozag_statues, serial_bayou_pond_a,
          uniq_grinder, uniq_natasha, uniq_ijyb

Skill      XL: |  1  2  3  4  5 |
---------------+----------------+-----
Armour         | 4 |  4.4
Axes           | 1 |  1.6
Spellcasting   | 1 |  1.0
Fighting       | |  2.8
Maces & Flails | |  1.0
Staves         | |  1.0
Throwing       | |  1.0
Dodging        | |  1.1
Shields        | |  1.0

Action                   |  1- 3 |  4- 6 || total
-------------------------+-------+-------++-------
Melee: Dagger            |   268 |       ||   268
       War axe           |    13 |   133 ||   146
Armor: Scale mail        |   204 |   133 ||   337
Dodge: Dodged            |   149 |    90 ||   239
